 Dungeon Crawl Stone Soup version 0.29.0-4-gdea44cf6ec (webtiles) character file.

Game seed: 14977392462521655151

31252 qw the Brawler (level 13, -3/120 HPs)
             Began as a Troll Cinder Acolyte on Sept 2, 2022.
             Was an Elder of Okawaru.
             Slain by a six-headed hydra (4 damage)
             ... while petrified by a catoblepas
             ... on level 5 of the Lair of Beasts.
             The game lasted 00:06:48 (13083 turns).

qw the Brawler (Troll Cinder Acolyte)              Turns: 13083, Time: 00:06:48

Health: -3/120     AC: 14    Str: 35    XL:     13   Next: 25%
Magic:  16/16      EV:  1    Int: 10    God:    Okawaru [****..]
Gold:   1805       SH:  0    Dex:  5    Spells: 14/14 levels left

rFire   . . .      SeeInvis .     - Unarmed
rCold   . . .      Faith    .   r - +0 kite shield
rNeg    + + +      Spirit   .   j - +1 acid dragon scales
rPois   inf        Reflect  .   (helmet restricted)
rElec   .          Harm     .   (no cloak)
rCorr   +          Rampage  .   (gloves unavailable)
Will    .....                   (boots unavailable)
Stlth   ++........              (no amulet)
HPRegen 1.10/turn               k - +4 ring of protection
MPRegen 0.15/turn               p - +6 ring of strength

@: petrified, heroic, spiked, fire susceptible
A: large, unfitting armour, claws 3, regeneration 1, shaggy fur 1, tough skin 1
a: Renounce Religion, Heroism, Finesse


You were on level 5 of the Lair of Beasts.
You worshipped Okawaru.
Okawaru was greatly pleased with you.
You visited 3 branches of the dungeon, and saw 16 of its levels.

You collected 2477 gold pieces.
You spent 672 gold pieces at shops.


Innate Abilities, Weirdness & Mutations

You are too large for most types of armour.
You have claws for hands.
Your natural rate of healing is unusually fast.
You are covered in fur. (AC +1)
You have tough skin. (AC +1)


   Skills:
 - Level 6.0(11.0) Fighting
 - Level 6.0(11.0) Throwing
 - Level 2.1(7.1) Armour
 - Level 1.4(6.4) Dodging
 - Level 11.0(16.0) Shields
 + Level 15.8(20.8) Unarmed Combat
 - Level 1.0 Spellcasting
 - Level 2.1 Fire Magic
 + Level 5.3 Invocations


You had 14 spell levels left.
You didn't know any spells.
Your spell library contained the following spells:

 Spells                   Type           Power      Damage    Failure   Level
 Scorch                   Fire           8%         2d5       34%         2

Inventory:

Missiles
 e - 9 boomerangs
 n - 3 javelins
 q - 6 large rocks (quivered)
Armour
 j - +1 acid dragon scales (worn)
 o - a +0 cloak
 r - a +0 kite shield (worn)
Jewellery
 i - an amulet of magic regeneration
 k - a +4 ring of protection (left claw)
 p - a +6 ring of strength (right claw)
Scrolls
 b - 6 scrolls of identify
 h - 2 scrolls of enchant weapon
Potions
 a - a potion of magic
 c - 12 potions of curing
 d - 5 potions of might
 g - 3 potions of mutation
 l - 5 potions of resistance
 m - a potion of haste

Dungeon Overview and Level Annotations

Branches:
Dungeon (11/15)            Temple (1/1) D:5            Lair (3/5) D:11
 Shoals (0/4) Lair:2       Spider (0/4) Lair:2          Orc (0/2) D:9

Altars:
Dithmenos
Fedhas
Gozag
Kikubaaqudgha
Makhleb
Okawaru
Qazlal
Ru
Sif Muna
Trog
Uskayaw
Vehumet
Wu Jian
Xom
Yredelemnul
Zin

Shops:
D:1 ?   D:7 !   D:10 !

Annotations:
D:6 1 runed translucent door, Crazy Yiuf
Lair:1 1 runed translucent door, qw's ghost, journeyman TrCA
Lair:3 3 runed translucent doors, qw's ghost, journeyman TrCA


Message History

You are slowing down.
You are no longer poisoned.
You block the six-headed hydra's attack.
The six-headed hydra bites you. x2
The six-headed hydra bites you but does no damage.
The six-headed hydra barely misses you.
The six-headed hydra bites you but does no damage.
You scratch the six-headed hydra but do no damage.
The six-headed hydra is lightly wounded.
You are engulfed in calcifying dust.
Your limbs have turned to stone.
The six-headed hydra bites you but does no damage.
The six-headed hydra bites you. The six-headed hydra bites you!
The six-headed hydra bites you but does no damage. x2
You block the six-headed hydra's attack.
You have turned to stone.
You are engulfed in calcifying dust.
The six-headed hydra bites you but does no damage. x2
The six-headed hydra bites you! The six-headed hydra bites you.
The six-headed hydra bites you but does no damage.
The six-headed hydra bites you!
The dream sheep is engulfed in calcifying dust.
The six-headed hydra bites you! x2; The six-headed hydra bites you.
The six-headed hydra bites you but does no damage.
The six-headed hydra bites you! The six-headed hydra bites you.
The dream sheep is engulfed in calcifying dust.
The dream sheep is engulfed in calcifying dust.
The dream sheep stops moving altogether!
The catoblepas breathes a plume of calcifying dust at you.
The blast of calcifying dust hits you.
The six-headed hydra bites you but does no damage. x6
You are engulfed in calcifying dust.
The catoblepas gores you but does no damage.
The six-headed hydra bites you. x2
The six-headed hydra completely misses you.
The six-headed hydra bites you. x2
The six-headed hydra bites you but does no damage.
You are engulfed in calcifying dust.
The catoblepas breathes a plume of calcifying dust at you.
The blast of calcifying dust hits you. The six-headed hydra bites you!
You die...

###### #
#...P#.##
##.......#
##DH%.#.#..
#@#........
##Y....#...
#.....## .
#.Y####
#..Y...S#
#P..#.YY#
#......Y#
##..#.###
#.....


You could see a catoblepas, a six-headed hydra, a manticore and 2 dream sheep.

Vanquished Creatures
  Snorg (Lair:3)
  3 hydras
  A two-headed ogre (D:8)
  7 death yaks
  An ugly thing (D:9)
  A cyclops (D:11)
  5 black mambas
  4 elephants
  6 cane toads
  3 rime drakes
  A kobold demonologist (D:11)
  8 komodo dragons
  5 trolls
  A snapping turtle (Lair:2)
  41 yaks
  A basilisk (Lair:3)
  A wraith (D:10)
  3 wyverns
  2 fire elementals (Lair:2)
  2 redbacks (Lair:2)
  Eustachio (D:6)
  7 water moccasins
  2 acid dragons
  2 orc warriors (D:9)
  2 sky beasts
  3 black bears
  2 ice beasts
  9 ogres
  3 centaurs
  11 wolves
  10 kobold brigands
  4 gnoll sergeants
  8 necrophages
  3 scorpions
  8 bullfrogs
  8 wights
  3 killer bees (D:9)
  4 howler monkeys
  An electric eel (Lair:2)
  A crimson imp (D:4)
  4 jellies
  2 orc priests
  A gnoll bouda (D:6)
  5 hounds
  11 iguanas
  3 orc wizards
  18 gnolls
  9 adders
  A white imp (D:6)
  A shadow imp (D:5)
  An ufetubus (D:6)
  20 orcs
  2 bats
  7 endoplasms
  5 giant cockroaches
  8 goblins
  2 hobgoblins
  2 jackals (D:1)
  30 kobolds
  4 quokkas
  6 ball pythons
  A frilled lizard (D:2)
  6 rats
338 creatures vanquished.

Vanquished Creatures (others)
  21 fungi
  38 plants
59 creatures vanquished.

Grand Total: 397 creatures vanquished

Notes
Turn   | Place    | Note
-------+----------+-------------------------------------------
     0 | D:1      | qw the Troll Cinder Acolyte began the quest for the Orb.
     0 | D:1      | Reached XP level 1. HP: 22/22 MP: 1/1
     0 | D:1      | 0 ||| qw: Version: 0.1-a-97-g2dd2ca4
     0 | D:1      | 0 ||| qw: Game counter: 5010
     0 | D:1      | 0 ||| qw: Always use a shield: true
     0 | D:1      | 0 ||| qw: God list: Okawaru
     0 | D:1      | 0 ||| qw: Allow faded altars: false
     0 | D:1      | 0 ||| qw: Do Orc after D:15 true
     0 | D:1      | 0 ||| qw: Do second Lair branch before Depths: true
     0 | D:1      | 0 ||| qw: Lair rune preference: random
     0 | D:1      | 0 ||| qw: Plans: Normal
     0 | D:1      | 0 ||| PLANNING D:1-11
   145 | D:1      | 145 ||| Stepping ~*~*~tactically~*~*~ (outnumbered).
   154 | D:1      | Reached XP level 2. HP: 29/29 MP: 2/2
   173 | D:1      | 173 ||| Stepping ~*~*~tactically~*~*~ (stealth).
   309 | D:1      | Reached skill level 4 in Unarmed Combat
   492 | D:1      | Found Zyotat's Magic Scroll Boutique.
   508 | D:1      | 508 ||| BUYING scroll of identify (24 gold).
   508 | D:1      | Bought a scroll of identify for 24 gold pieces
   508 | D:1      | 508 ||| SHOPLISTING scroll of identify (24 gold, have 14).
   554 | D:1      | 554 ||| READING 3 scrolls labelled PETZAO MESUTOMM.
   555 | D:1      | 555 ||| READING scroll labelled VOPLUNNA ZUAD.
   556 | D:1      | 556 ||| READING 3 scrolls of identify.
   556 | D:1      | 556 ||| IDENTIFYING black potion
   557 | D:1      | 557 ||| READING 2 scrolls of identify.
   557 | D:1      | 557 ||| IDENTIFYING red potion
   558 | D:1      | 558 ||| DROPPING 2 scrolls of blinking.
   559 | D:1      | 559 ||| DROPPING potion of degeneration.
   634 | D:2      | Identified the +4 buckler of Ofre {rPois Dex+3}
   802 | D:2      | Reached XP level 3. HP: 36/36 MP: 3/3
  1222 | D:2      | 1222 ||| UPGRADING to +4 ring of protection.
  1223 | D:2      | 1223 ||| READING scroll labelled CUSE HEANOKAMN.
  1242 | D:2      | 1242 ||| READING scroll labelled NYTHRO MAANYA.
  1243 | D:2      | 1243 ||| READING scroll labelled GOUCLEONU.
  1243 | D:2      | Identified a scroll of acquirement
  1243 | D:2      | 1243 ||| ACQUIRING 537 gold pieces
  1243 | D:2      | Acquired 537 gold pieces
  1245 | D:2      | 1245 ||| READING scroll labelled IWUIXU ZINKIOJ.
  1246 | D:2      | 1246 ||| DRINKING 2 purple potions.
  1247 | D:2      | 1247 ||| DRINKING 2 white potions.
  1352 | D:2      | 1352 ||| READING 2 scrolls of identify.
  1352 | D:2      | 1352 ||| IDENTIFYING ruby potion
  1353 | D:2      | 1353 ||| DROPPING potion of flight.
  1354 | D:2      | 1354 ||| DROPPING potion of attraction.
  1355 | D:2      | 1355 ||| DROPPING potion of berserk rage.
  1508 | D:3      | Found a faded altar of an unknown god.
  1511 | D:3      | Identified the +12 dagger "Starlight" {venom, Fragile Fly
                  | rPois Stlth+}
  1536 | D:3      | 1536 ||| Stepping ~*~*~tactically~*~*~ (stealth).
  1556 | D:3      | 1556 ||| READING scroll of acquirement.
  1556 | D:3      | 1556 ||| ACQUIRING 1051 gold pieces
  1556 | D:3      | Acquired 1051 gold pieces
  1568 | D:3      | 1568 ||| Stepping ~*~*~tactically~*~*~ (outnumbered).
  1569 | D:3      | 1569 ||| Stepping ~*~*~tactically~*~*~ (outnumbered).
  1570 | D:3      | 1570 ||| Stepping ~*~*~tactically~*~*~ (outnumbered).
  1573 | D:3      | 1573 ||| Stepping ~*~*~tactically~*~*~ (outnumbered).
  1574 | D:3      | 1574 ||| Stepping ~*~*~tactically~*~*~ (outnumbered).
  1575 | D:3      | 1575 ||| Stepping ~*~*~tactically~*~*~ (outnumbered).
  1576 | D:3      | 1576 ||| Stepping ~*~*~tactically~*~*~ (outnumbered).
  1577 | D:3      | 1577 ||| Stepping ~*~*~tactically~*~*~ (outnumbered).
  1625 | D:3      | 1625 ||| Stepping ~*~*~tactically~*~*~ (stealth).
  1626 | D:3      | 1626 ||| Stepping ~*~*~tactically~*~*~ (stealth).
  1628 | D:3      | 1628 ||| Stepping ~*~*~tactically~*~*~ (stealth).
  1630 | D:3      | 1630 ||| Stepping ~*~*~tactically~*~*~ (hiding).
  1635 | D:3      | 1635 ||| INVOKING Fiery Armour.
  1640 | D:3      | Reached skill level 5 in Unarmed Combat
  1640 | D:3      | Reached XP level 4. HP: 44/44 MP: 4/4
  1819 | D:3      | Found a radiant altar of Vehumet.
  1821 | D:3      | 1821 ||| Stepping ~*~*~tactically~*~*~ (stealth).
  1835 | D:3      | Found a sacrificial altar of Ru.
  1836 | D:3      | Found a blossoming altar of Fedhas.
  1838 | D:3      | Found a glowing silver altar of Zin.
  1840 | D:3      | Found a shimmering blue altar of Sif Muna.
  1840 | D:3      | Found a shadowy altar of Dithmenos.
  1841 | D:3      | 1841 ||| Stepping ~*~*~tactically~*~*~ (stealth).
  1850 | D:3      | Found an ancient bone altar of Kikubaaqudgha.
  2091 | D:3      | 2091 ||| READING scroll labelled IGAFAEJ KAYCSI.
  2092 | D:3      | 2092 ||| READING scroll labelled UMUT ROCWIHYRPH.
  2095 | D:3      | 2095 ||| READING scroll labelled KUVVUAXEAR.
  2096 | D:3      | 2096 ||| READING 3 scrolls of identify.
  2096 | D:3      | 2096 ||| IDENTIFYING glowing orange potion
  2097 | D:3      | 2097 ||| READING 2 scrolls of identify.
  2097 | D:3      | 2097 ||| IDENTIFYING bubbling yellow potion
  2098 | D:3      | 2098 ||| DROPPING potion of lignification.
  2104 | D:4      | Noticed a sky beast
  2106 | D:4      | 2106 ||| STAIRDANCE
  2145 | D:4      | 2145 ||| INVOKING Fiery Armour.
  2146 | D:4      | Killed a sky beast
  2147 | D:4      | Reached skill level 6 in Unarmed Combat
  2147 | D:4      | Reached XP level 5. HP: 26/50 MP: 5/5
  2147 | D:4      | 2147 ||| STAIRDANCE
  2315 | D:4      | 2315 ||| INVOKING Fiery Armour.
  2320 | D:4      | 2320 ||| Stepping ~*~*~tactically~*~*~ (outnumbered).
  2321 | D:4      | 2321 ||| Stepping ~*~*~tactically~*~*~ (outnumbered).
  2323 | D:4      | Reached XP level 6. HP: 58/59 MP: 6/6
  2328 | D:4      | Reached skill level 7 in Unarmed Combat
  2340 | D:4      | 2340 ||| Stepping ~*~*~tactically~*~*~ (outnumbered).
  2346 | D:4      | 2346 ||| Stepping ~*~*~tactically~*~*~ (outnumbered).
  2350 | D:4      | HP: 13/59 [ogre/+0 giant spiked club (21)]
  2371 | D:4      | 2371 ||| FLEEEEING.
  2414 | D:4      | Reached skill level 8 in Unarmed Combat
  2414 | D:4      | Reached XP level 7. HP: 66/66 MP: 7/7
  2607 | D:4      | Reached skill level 3 in Fighting
  2622 | D:4      | Found a burning altar of Makhleb.
  2627 | D:4      | Found a shimmering altar of Xom.
  3127 | D:4      | 3127 ||| READING scroll labelled VUDEHA SASIALO.
  3128 | D:4      | 3128 ||| READING 2 scrolls of identify.
  3128 | D:4      | 3128 ||| IDENTIFYING puce potion
  3138 | D:5      | Entered Level 5 of the Dungeon
  3214 | D:5      | 3214 ||| Stepping ~*~*~tactically~*~*~ (stealth).
  3221 | D:5      | 3221 ||| Stepping ~*~*~tactically~*~*~ (outnumbered).
  3227 | D:5      | 3227 ||| Stepping ~*~*~tactically~*~*~ (outnumbered).
  3228 | D:5      | 3228 ||| Stepping ~*~*~tactically~*~*~ (outnumbered).
  3266 | D:5      | 3266 ||| Stepping ~*~*~tactically~*~*~ (hiding).
  3267 | D:5      | 3267 ||| Stepping ~*~*~tactically~*~*~ (hiding).
  3308 | D:5      | Found a hide-covered altar of Uskayaw.
  3347 | D:5      | Reached skill level 1 in Throwing
  3363 | D:5      | 3363 ||| Stepping ~*~*~tactically~*~*~ (stealth).
  3364 | D:5      | 3364 ||| Stepping ~*~*~tactically~*~*~ (stealth).
  3383 | D:5      | Found a staircase to the Ecumenical Temple.
  3432 | D:5      | Reached skill level 3 in Throwing
  3493 | D:5      | 3493 ||| Stepping ~*~*~tactically~*~*~ (hiding).
  3500 | D:5      | Reached XP level 8. HP: 74/75 MP: 8/8
  3500 | D:5      | 3500 ||| Stepping ~*~*~tactically~*~*~ (hiding).
  3681 | D:5      | Reached skill level 9 in Unarmed Combat
  3786 | D:5      | 3786 ||| UPGRADING to ring of resist corrosion.
  3787 | D:5      | 3787 ||| UPGRADING to +6 ring of strength.
  3789 | D:5      | 3789 ||| DROPPING ring of resist corrosion.
  3790 | D:5      | 3790 ||| READING 2 scrolls labelled LIUGGO ORUESISM.
  3791 | D:5      | 3791 ||| READING scroll labelled TOYD UCLEEREIH.
  3892 | D:5      | 3892 ||| DROPPING scroll of fog.
  3912 | D:6      | Reached skill level 1 in Dodging
  3935 | D:6      | 3935 ||| INVOKING Fiery Armour.
  3941 | D:6      | 3941 ||| Stepping ~*~*~tactically~*~*~ (outnumbered).
  3942 | D:6      | 3942 ||| Stepping ~*~*~tactically~*~*~ (outnumbered).
  3943 | D:6      | 3943 ||| Stepping ~*~*~tactically~*~*~ (outnumbered).
  3945 | D:6      | 3945 ||| Stepping ~*~*~tactically~*~*~ (outnumbered).
  3946 | D:6      | 3946 ||| Stepping ~*~*~tactically~*~*~ (outnumbered).
  3950 | D:6      | 3950 ||| Stepping ~*~*~tactically~*~*~ (outnumbered).
  3952 | D:6      | 3952 ||| Stepping ~*~*~tactically~*~*~ (outnumbered).
  3978 | D:6      | 3978 ||| Stepping ~*~*~tactically~*~*~ (stealth).
  4021 | D:6      | 4021 ||| Stepping ~*~*~tactically~*~*~ (hiding).
  4022 | D:6      | 4022 ||| Stepping ~*~*~tactically~*~*~ (hiding).
  4161 | D:6      | Reached skill level 10 in Unarmed Combat
  4365 | D:6      | 4365 ||| Stepping ~*~*~tactically~*~*~ (stealth).
  4370 | D:6      | Noticed Eustachio
  4378 | D:6      | 4378 ||| Stepping ~*~*~tactically~*~*~ (outnumbered).
  4379 | D:6      | 4379 ||| Stepping ~*~*~tactically~*~*~ (outnumbered).
  4381 | D:6      | 4381 ||| Stepping ~*~*~tactically~*~*~ (hiding).
  4382 | D:6      | 4382 ||| Stepping ~*~*~tactically~*~*~ (hiding).
  4383 | D:6      | 4383 ||| Stepping ~*~*~tactically~*~*~ (hiding).
  4395 | D:6      | 4395 ||| Stepping ~*~*~tactically~*~*~ (outnumbered).
  4397 | D:6      | 4397 ||| INVOKING Fiery Armour.
  4402 | D:6      | 4402 ||| Stepping ~*~*~tactically~*~*~ (outnumbered).
  4403 | D:6      | 4403 ||| Stepping ~*~*~tactically~*~*~ (outnumbered).
  4413 | D:6      | 4413 ||| Stepping ~*~*~tactically~*~*~ (outnumbered).
  4414 | D:6      | 4414 ||| Stepping ~*~*~tactically~*~*~ (outnumbered).
  4430 | D:6      | 4430 ||| Stepping ~*~*~tactically~*~*~ (stealth).
  4432 | D:6      | Killed Eustachio
  4433 | D:6      | Reached XP level 9. HP: 84/84 MP: 9/9
  4434 | D:6      | 4434 ||| Stepping ~*~*~tactically~*~*~ (stealth).
  4438 | D:6      | 4438 ||| Stepping ~*~*~tactically~*~*~ (outnumbered).
  4439 | D:6      | 4439 ||| Stepping ~*~*~tactically~*~*~ (outnumbered).
  4442 | D:6      | 4442 ||| Stepping ~*~*~tactically~*~*~ (outnumbered).
  4443 | D:6      | 4443 ||| Stepping ~*~*~tactically~*~*~ (outnumbered).
  4444 | D:6      | 4444 ||| Stepping ~*~*~tactically~*~*~ (outnumbered).
  4445 | D:6      | 4445 ||| Stepping ~*~*~tactically~*~*~ (outnumbered).
  4447 | D:6      | 4447 ||| Stepping ~*~*~tactically~*~*~ (outnumbered).
  4726 | D:6      | Found a runed translucent door.
  4727 | D:6      | Noticed Crazy Yiuf
  4730 | D:6      | 4730 ||| UPGRADING to +1 robe of willpower.
  4740 | D:6      | 4740 ||| DROPPING +0 robe.
  4741 | D:6      | 4741 ||| READING scroll labelled LIXI YHOHILLEL.
  4742 | D:6      | 4742 ||| DRINKING 2 dark potions.
  4812 | D:7      | Reached skill level 11 in Unarmed Combat
  5020 | D:7      | Found an ornate altar of the Wu Jian Council.
  5106 | D:7      | Found Plog's Distillery.
  5109 | D:7      | 5109 ||| BUYING 2 potions of heal wounds (160 gold).
  5109 | D:7      | Bought 2 potions of heal wounds for 160 gold pieces
  5109 | D:7      | 5109 ||| BUYING potion of curing (48 gold).
  5109 | D:7      | Bought a potion of curing for 48 gold pieces
  5109 | D:7      | 5109 ||| BUYING potion of haste (160 gold).
  5109 | D:7      | Bought a potion of haste for 160 gold pieces
  5109 | D:7      | 5109 ||| BUYING potion of heal wounds (80 gold).
  5109 | D:7      | Bought a potion of heal wounds for 80 gold pieces
  5109 | D:7      | 5109 ||| BUYING potion of mutation (128 gold).
  5109 | D:7      | Bought a potion of mutation for 128 gold pieces
  5381 | D:7      | 5381 ||| DROPPING scarf of shadows.
  5382 | D:7      | 5382 ||| UPGRADING to amulet of guardian spirit.
  5387 | D:7      | 5387 ||| READING 4 scrolls of identify.
  5387 | D:7      | 5387 ||| IDENTIFYING yellow potion
  5388 | D:7      | 5388 ||| READING 3 scrolls of identify.
  5388 | D:7      | 5388 ||| IDENTIFYING metallic emerald potion
  5410 | D:8      | 5410 ||| Stepping ~*~*~tactically~*~*~ (stealth).
  5411 | D:8      | 5411 ||| Stepping ~*~*~tactically~*~*~ (stealth).
  5412 | D:8      | 5412 ||| Stepping ~*~*~tactically~*~*~ (stealth).
  5413 | D:8      | 5413 ||| Stepping ~*~*~tactically~*~*~ (stealth).
  5418 | D:8      | 5418 ||| Stepping ~*~*~tactically~*~*~ (hiding).
  5419 | D:8      | 5419 ||| Stepping ~*~*~tactically~*~*~ (hiding).
  5420 | D:8      | 5420 ||| Stepping ~*~*~tactically~*~*~ (hiding).
  5421 | D:8      | 5421 ||| Stepping ~*~*~tactically~*~*~ (hiding).
  5422 | D:8      | 5422 ||| Stepping ~*~*~tactically~*~*~ (hiding).
  5423 | D:8      | 5423 ||| Stepping ~*~*~tactically~*~*~ (hiding).
  5424 | D:8      | 5424 ||| Stepping ~*~*~tactically~*~*~ (hiding).
  5449 | D:8      | 5449 ||| Stepping ~*~*~tactically~*~*~ (stealth).
  5454 | D:8      | 5454 ||| Stepping ~*~*~tactically~*~*~ (stealth).
  5457 | D:8      | 5457 ||| Stepping ~*~*~tactically~*~*~ (stealth).
  5622 | D:8      | Reached skill level 12 in Unarmed Combat
  5952 | D:8      | Noticed a two-headed ogre
  5956 | D:8      | Killed a two-headed ogre
  6116 | D:8      | 6116 ||| Stepping ~*~*~tactically~*~*~ (stealth).
  6128 | D:8      | 6128 ||| FLEEEEING.
  6129 | D:8      | 6129 ||| FLEEEEING.
  6130 | D:8      | 6130 ||| FLEEEEING.
  6362 | D:8      | 6362 ||| READING 3 scrolls of identify.
  6362 | D:8      | 6362 ||| IDENTIFYING lumpy yellow potion
  6363 | D:8      | 6363 ||| DROPPING potion of brilliance.
  6407 | D:9      | 6407 ||| Stepping ~*~*~tactically~*~*~ (outnumbered).
  6408 | D:9      | 6408 ||| Stepping ~*~*~tactically~*~*~ (outnumbered).
  6409 | D:9      | 6409 ||| Stepping ~*~*~tactically~*~*~ (outnumbered).
  6411 | D:9      | 6411 ||| Stepping ~*~*~tactically~*~*~ (outnumbered).
  6414 | D:9      | 6414 ||| Stepping ~*~*~tactically~*~*~ (outnumbered).
  6546 | D:9      | Reached XP level 10. HP: 98/98 MP: 10/10
  6584 | D:9      | Found a staircase to the Orcish Mines.
  6585 | D:9      | 6585 ||| INVOKING Fiery Armour.
  6586 | D:9      | 6586 ||| Stepping ~*~*~tactically~*~*~ (outnumbered).
  6588 | D:9      | 6588 ||| Stepping ~*~*~tactically~*~*~ (hiding).
  6592 | D:9      | 6592 ||| FLEEEEING.
  6593 | D:9      | 6593 ||| FLEEEEING.
  6594 | D:9      | 6594 ||| FLEEEEING.
  6595 | D:9      | 6595 ||| FLEEEEING.
  6596 | D:9      | 6596 ||| FLEEEEING.
  6597 | D:9      | 6597 ||| FLEEEEING.
  6598 | D:9      | 6598 ||| FLEEEEING.
  6599 | D:9      | 6599 ||| FLEEEEING.
  6600 | D:9      | 6600 ||| FLEEEEING.
  6601 | D:9      | 6601 ||| FLEEEEING.
  6602 | D:9      | 6602 ||| FLEEEEING.
  6603 | D:9      | 6603 ||| FLEEEEING.
  6604 | D:9      | 6604 ||| FLEEEEING.
  6609 | D:9      | 6609 ||| FLEEEEING.
  6610 | D:9      | 6610 ||| FLEEEEING.
  6611 | D:9      | 6611 ||| FLEEEEING.
  6612 | D:9      | 6612 ||| FLEEEEING.
  6613 | D:9      | 6613 ||| FLEEEEING.
  6614 | D:9      | 6614 ||| FLEEEEING.
  6615 | D:9      | 6615 ||| FLEEEEING.
  6680 | D:9      | Noticed a green ugly thing
  6682 | D:9      | 6682 ||| INVOKING Fiery Armour.
  6693 | D:9      | Killed a green ugly thing
  6708 | D:9      | HP: 21/98 [ogre/+0 giant spiked club (8)]
  6709 | D:9      | 6709 ||| READING 2 scrolls of teleportation.
  6710 | D:9      | 6710 ||| DRINKING 4 potions of heal wounds.
  6711 | D:9      | 6711 ||| Stepping ~*~*~tactically~*~*~ (outnumbered).
  6713 | D:9      | Reached skill level 13 in Unarmed Combat
  7055 | D:9      | 7055 ||| Stepping ~*~*~tactically~*~*~ (stealth).
  7057 | D:9      | 7057 ||| Stepping ~*~*~tactically~*~*~ (stealth).
  7059 | D:9      | 7059 ||| Stepping ~*~*~tactically~*~*~ (stealth).
  7061 | D:9      | 7061 ||| Stepping ~*~*~tactically~*~*~ (stealth).
  7063 | D:9      | 7063 ||| Stepping ~*~*~tactically~*~*~ (stealth).
  7065 | D:9      | 7065 ||| Stepping ~*~*~tactically~*~*~ (stealth).
  7067 | D:9      | 7067 ||| Stepping ~*~*~tactically~*~*~ (stealth).
  7107 | D:9      | 7107 ||| Stepping ~*~*~tactically~*~*~ (stealth).
  7113 | D:9      | 7113 ||| Stepping ~*~*~tactically~*~*~ (stealth).
  7195 | D:9      | 7195 ||| Stepping ~*~*~tactically~*~*~ (stealth).
  7233 | D:9      | 7233 ||| Stepping ~*~*~tactically~*~*~ (stealth).
  7483 | D:9      | 7483 ||| Stepping ~*~*~tactically~*~*~ (hiding).
  7568 | D:9      | 7568 ||| UPGRADING to +0 troll leather armour.
  7578 | D:9      | 7578 ||| DROPPING +1 robe of willpower.
  7579 | D:9      | 7579 ||| UPGRADING to +0 kite shield.
  7584 | D:9      | 7584 ||| READING scroll labelled QENIOC YNAPT.
  7600 | D:10     | Entered Level 10 of the Dungeon
  7735 | D:10     | Reached skill level 1 in Shields
  7758 | D:10     | 7758 ||| Stepping ~*~*~tactically~*~*~ (hiding).
  7902 | D:10     | Found Nasosuz's Distillery.
  7909 | D:10     | 7909 ||| BUYING potion of curing (36 gold).
  7909 | D:10     | Bought a potion of curing for 36 gold pieces
  7909 | D:10     | 7909 ||| BUYING potion of curing (36 gold).
  7909 | D:10     | Bought a potion of curing for 36 gold pieces
  7945 | D:10     | 7945 ||| INVOKING Fiery Armour.
  7946 | D:10     | 7946 ||| Stepping ~*~*~tactically~*~*~ (stealth).
  7949 | D:10     | 7949 ||| Stepping ~*~*~tactically~*~*~ (outnumbered).
  7953 | D:10     | Reached skill level 3 in Shields
  7959 | D:10     | 7959 ||| Stepping ~*~*~tactically~*~*~ (outnumbered).
  7977 | D:10     | Found a bloodstained altar of Trog.
  7992 | D:10     | Identified the +1 leather armour of Jigsaw {Will+ Dex+4}
  7995 | D:10     | 7995 ||| Stepping ~*~*~tactically~*~*~ (stealth).
  8075 | D:10     | 8075 ||| Stepping ~*~*~tactically~*~*~ (hiding).
  8078 | D:10     | 8078 ||| Stepping ~*~*~tactically~*~*~ (hiding).
  8277 | D:10     | Found an opulent altar of Gozag.
  8437 | D:10     | 8437 ||| UPGRADING to +0 acid dragon scales.
  8447 | D:10     | 8447 ||| DROPPING +0 troll leather armour.
  8448 | D:10     | 8448 ||| READING scroll of enchant armour.
  8448 | D:10     | 8448 ||| ENCHANTING +0 acid dragon scales.
  8449 | D:10     | 8449 ||| DROPPING ring of ice.
  8491 | D:11     | Reached XP level 11. HP: 100/105 MP: 11/11
  8527 | D:11     | Found a staircase to the Lair.
  8544 | D:11     | Reached skill level 1 in Armour
  8658 | D:11     | 8658 ||| Stepping ~*~*~tactically~*~*~ (hiding).
  8788 | D:11     | Noticed an eight-headed hydra
  8789 | D:11     | 8789 ||| Stepping ~*~*~tactically~*~*~ (stealth).
  8791 | D:11     | 8791 ||| INVOKING Fiery Armour.
  8794 | D:11     | Killed a nine-headed hydra
  8795 | D:11     | Reached skill level 6 in Shields
  9005 | D:11     | 9005 ||| FLEEEEING.
  9006 | D:11     | 9006 ||| FLEEEEING.
  9020 | D:11     | 9020 ||| FLEEEEING.
  9162 | D:11     | 9162 ||| INVOKING Fiery Armour.
  9245 | D:11     | 9245 ||| PLANNING LAIR
  9245 | D:11     | 9245 ||| READING 5 scrolls of identify.
  9245 | D:11     | 9245 ||| IDENTIFYING grey potion
  9246 | D:11     | 9246 ||| DROPPING potion of ambrosia.
  9306 | Lair:1   | Entered Level 1 of the Lair of Beasts
  9351 | Lair:1   | 9351 ||| INVOKING Fiery Armour.
  9354 | Lair:1   | 9354 ||| Stepping ~*~*~tactically~*~*~ (outnumbered).
  9355 | Lair:1   | 9355 ||| Stepping ~*~*~tactically~*~*~ (outnumbered).
  9356 | Lair:1   | 9356 ||| Stepping ~*~*~tactically~*~*~ (outnumbered).
  9357 | Lair:1   | 9357 ||| Stepping ~*~*~tactically~*~*~ (outnumbered).
  9423 | Lair:1   | 9423 ||| Stepping ~*~*~tactically~*~*~ (stealth).
  9565 | Lair:1   | 9565 ||| Stepping ~*~*~tactically~*~*~ (stealth).
  9566 | Lair:1   | 9566 ||| Stepping ~*~*~tactically~*~*~ (stealth).
  9581 | Lair:1   | 9581 ||| INVOKING Fiery Armour.
  9584 | Lair:1   | HP: 25/105 [poisoned by a cane toad]
  9585 | Lair:1   | 9585 ||| READING 2 scrolls of teleportation.
  9585 | Lair:1   | HP: 8/105 [cane toad (10)]
  9586 | Lair:1   | 9586 ||| DRINKING 3 potions of heal wounds.
  9588 | Lair:1   | 9588 ||| DRINKING 2 potions of heal wounds.
  9656 | Lair:1   | 9656 ||| Stepping ~*~*~tactically~*~*~ (stealth).
  9657 | Lair:1   | 9657 ||| Stepping ~*~*~tactically~*~*~ (stealth).
  9658 | Lair:1   | 9658 ||| Stepping ~*~*~tactically~*~*~ (stealth).
  9659 | Lair:1   | 9659 ||| Stepping ~*~*~tactically~*~*~ (stealth).
  9660 | Lair:1   | 9660 ||| Stepping ~*~*~tactically~*~*~ (stealth).
  9809 | Lair:1   | 9809 ||| Stepping ~*~*~tactically~*~*~ (stealth).
 10049 | Lair:1   | 10049 ||| INVOKING Fiery Armour.
 10053 | Lair:1   | Reached skill level 9 in Shields
 10112 | Lair:1   | 10112 ||| Stepping ~*~*~tactically~*~*~ (stealth).
 10115 | Lair:1   | 10115 ||| Stepping ~*~*~tactically~*~*~ (stealth).
 10118 | Lair:1   | 10118 ||| Stepping ~*~*~tactically~*~*~ (stealth).
 10323 | Lair:1   | Found a runed translucent door.
 10352 | Lair:1   | 10352 ||| Stepping ~*~*~tactically~*~*~ (outnumbered).
 10353 | Lair:1   | 10353 ||| Stepping ~*~*~tactically~*~*~ (outnumbered).
 10357 | Lair:1   | 10357 ||| Stepping ~*~*~tactically~*~*~ (outnumbered).
 10655 | Lair:1   | Noticed qw's ghost (journeyman TrCA)
 10657 | Lair:1   | 10657 ||| READING 2 scrolls of teleportation.
 10658 | Lair:1   | 10658 ||| PLANNING TEMPLE
 10811 | Temple   | Entered the Ecumenical Temple
 10812 | Temple   | 10812 ||| PLANNING CONVERSION TO OKAWARU
 10819 | Temple   | Fell from the grace of Ignis
 10819 | Temple   | Became a worshipper of Warmaster Okawaru
 10820 | Temple   | 10820 ||| PLANNING LAIR
 10820 | Temple   | 10820 ||| REMOVING amulet of guardian spirit.
 10825 | Temple   | 10825 ||| DROPPING amulet of guardian spirit.
 10987 | Lair:2   | Reached XP level 12. HP: 94/113 MP: 12/12
 10987 | Lair:2   | 10987 ||| FLEEEEING.
 10988 | Lair:2   | 10988 ||| STAIRDANCE
 11040 | Lair:2   | 11040 ||| STAIRDANCE
 11048 | Lair:1   | Reached skill level 14 in Unarmed Combat
 11053 | Lair:1   | Reached * piety under Okawaru
 11054 | Lair:1   | Reached skill level 6 in Fighting
 11166 | Lair:2   | 11166 ||| Stepping ~*~*~tactically~*~*~ (stealth).
 11169 | Lair:2   | 11169 ||| Stepping ~*~*~tactically~*~*~ (stealth).
 11171 | Lair:2   | Reached skill level 1 in Invocations
 11185 | Lair:2   | 11185 ||| Stepping ~*~*~tactically~*~*~ (stealth).
 11189 | Lair:2   | 11189 ||| INVOKING Heroism.
 11195 | Lair:2   | 11195 ||| Stepping ~*~*~tactically~*~*~ (outnumbered).
 11196 | Lair:2   | 11196 ||| Stepping ~*~*~tactically~*~*~ (outnumbered).
 11197 | Lair:2   | 11197 ||| Stepping ~*~*~tactically~*~*~ (outnumbered).
 11198 | Lair:2   | 11198 ||| Stepping ~*~*~tactically~*~*~ (outnumbered).
 11199 | Lair:2   | 11199 ||| Stepping ~*~*~tactically~*~*~ (outnumbered).
 11200 | Lair:2   | 11200 ||| Stepping ~*~*~tactically~*~*~ (outnumbered).
 11201 | Lair:2   | 11201 ||| Stepping ~*~*~tactically~*~*~ (outnumbered).
 11206 | Lair:2   | 11206 ||| INVOKING Heroism.
 11215 | Lair:2   | 11215 ||| Stepping ~*~*~tactically~*~*~ (outnumbered).
 11216 | Lair:2   | 11216 ||| Stepping ~*~*~tactically~*~*~ (outnumbered).
 11217 | Lair:2   | 11217 ||| Stepping ~*~*~tactically~*~*~ (outnumbered).
 11222 | Lair:2   | 11222 ||| INVOKING Heroism.
 11271 | Lair:2   | Reached skill level 6 in Throwing
 11271 | Lair:2   | Reached skill level 3 in Invocations
 11313 | Lair:2   | Found a hole to the Spider Nest.
 11321 | Lair:2   | Reached ** piety under Okawaru
 11362 | Lair:2   | 11362 ||| FLEEEEING.
 11477 | Lair:2   | Noticed a seven-headed hydra
 11478 | Lair:2   | 11478 ||| INVOKING Heroism.
 11485 | Lair:2   | Killed an 11-headed hydra
 11637 | Lair:2   | Found a staircase to the Shoals.
 11716 | Lair:2   | 11716 ||| Stepping ~*~*~tactically~*~*~ (stealth).
 11717 | Lair:2   | 11717 ||| Stepping ~*~*~tactically~*~*~ (stealth).
 11761 | Lair:2   | 11761 ||| Stepping ~*~*~tactically~*~*~ (stealth).
 11762 | Lair:2   | 11762 ||| Stepping ~*~*~tactically~*~*~ (stealth).
 11764 | Lair:2   | 11764 ||| Stepping ~*~*~tactically~*~*~ (stealth).
 11768 | Lair:2   | 11768 ||| INVOKING Heroism.
 12060 | Lair:2   | 12060 ||| READING 4 scrolls of identify.
 12060 | Lair:2   | 12060 ||| IDENTIFYING viscous amethyst potion
 12085 | Lair:3   | Noticed a six-headed hydra
 12086 | Lair:3   | 12086 ||| INVOKING Heroism.
 12087 | Lair:3   | 12087 ||| Stepping ~*~*~tactically~*~*~ (stealth).
 12088 | Lair:3   | 12088 ||| Stepping ~*~*~tactically~*~*~ (stealth).
 12089 | Lair:3   | 12089 ||| Stepping ~*~*~tactically~*~*~ (stealth).
 12090 | Lair:3   | 12090 ||| Stepping ~*~*~tactically~*~*~ (stealth).
 12099 | Lair:3   | 12099 ||| Stepping ~*~*~tactically~*~*~ (outnumbered).
 12100 | Lair:3   | 12100 ||| Stepping ~*~*~tactically~*~*~ (outnumbered).
 12101 | Lair:3   | 12101 ||| Stepping ~*~*~tactically~*~*~ (outnumbered).
 12102 | Lair:3   | 12102 ||| Stepping ~*~*~tactically~*~*~ (outnumbered).
 12103 | Lair:3   | 12103 ||| Stepping ~*~*~tactically~*~*~ (outnumbered).
 12104 | Lair:3   | 12104 ||| Stepping ~*~*~tactically~*~*~ (outnumbered).
 12105 | Lair:3   | 12105 ||| Stepping ~*~*~tactically~*~*~ (outnumbered).
 12106 | Lair:3   | 12106 ||| Stepping ~*~*~tactically~*~*~ (outnumbered).
 12107 | Lair:3   | 12107 ||| Stepping ~*~*~tactically~*~*~ (outnumbered).
 12107 | Lair:3   | HP: 26/114 [eight-headed hydra (8)]
 12108 | Lair:3   | 12108 ||| READING scroll of teleportation.
 12108 | Lair:3   | HP: 12/114 [eight-headed hydra (8)]
 12109 | Lair:3   | 12109 ||| DRINKING 2 potions of heal wounds.
 12110 | Lair:3   | 12110 ||| DRINKING potion of heal wounds.
 12111 | Lair:3   | 12111 ||| INVOKING Heroism.
 12113 | Lair:3   | 12113 ||| Stepping ~*~*~tactically~*~*~ (hiding).
 12123 | Lair:3   | HP: 22/114 [rime drake/flash freeze (17)]
 12125 | Lair:3   | 12125 ||| Stepping ~*~*~tactically~*~*~ (hiding).
 12126 | Lair:3   | 12126 ||| INVOKING Heroism.
 12238 | Lair:3   | 12238 ||| INVOKING Heroism.
 12240 | Lair:3   | Killed an eight-headed hydra
 12241 | Lair:3   | Reached skill level 15 in Unarmed Combat
 12280 | Lair:3   | 12280 ||| INVOKING Heroism.
 12344 | Lair:3   | 12344 ||| Stepping ~*~*~tactically~*~*~ (stealth).
 12354 | Lair:3   | Reached *** piety under Okawaru
 12403 | Lair:3   | Noticed Snorg
 12404 | Lair:3   | 12404 ||| INVOKING Heroism.
 12412 | Lair:3   | Killed Snorg
 12441 | Lair:3   | 12441 ||| INVOKING Heroism.
 12452 | Lair:3   | 12452 ||| FLEEEEING.
 12455 | Lair:3   | 12455 ||| FLEEEEING.
 12456 | Lair:3   | 12456 ||| FLEEEEING.
 12457 | Lair:3   | 12457 ||| FLEEEEING.
 12458 | Lair:3   | 12458 ||| FLEEEEING.
 12459 | Lair:3   | 12459 ||| FLEEEEING.
 12464 | Lair:3   | 12464 ||| INVOKING Heroism.
 12523 | Lair:3   | 12523 ||| Stepping ~*~*~tactically~*~*~ (stealth).
 12526 | Lair:3   | 12526 ||| Stepping ~*~*~tactically~*~*~ (stealth).
 12536 | Lair:3   | 12536 ||| Stepping ~*~*~tactically~*~*~ (stealth).
 12561 | Lair:3   | 12561 ||| Stepping ~*~*~tactically~*~*~ (stealth).
 12586 | Lair:3   | 12586 ||| INVOKING Heroism.
 12623 | Lair:3   | 12623 ||| Stepping ~*~*~tactically~*~*~ (stealth).
 12625 | Lair:3   | 12625 ||| Stepping ~*~*~tactically~*~*~ (stealth).
 12626 | Lair:3   | 12626 ||| Stepping ~*~*~tactically~*~*~ (stealth).
 12630 | Lair:3   | 12630 ||| INVOKING Heroism.
 12638 | Lair:3   | 12638 ||| Stepping ~*~*~tactically~*~*~ (outnumbered).
 12639 | Lair:3   | 12639 ||| Stepping ~*~*~tactically~*~*~ (outnumbered).
 12640 | Lair:3   | 12640 ||| Stepping ~*~*~tactically~*~*~ (outnumbered).
 12641 | Lair:3   | 12641 ||| Stepping ~*~*~tactically~*~*~ (outnumbered).
 12642 | Lair:3   | 12642 ||| Stepping ~*~*~tactically~*~*~ (outnumbered).
 12643 | Lair:3   | 12643 ||| Stepping ~*~*~tactically~*~*~ (outnumbered).
 12644 | Lair:3   | 12644 ||| Stepping ~*~*~tactically~*~*~ (outnumbered).
 12652 | Lair:3   | 12652 ||| INVOKING Heroism.
 12822 | Lair:3   | Noticed a death yak
 12822 | Lair:3   | Noticed a death yak
 12823 | Lair:3   | 12823 ||| INVOKING Heroism.
 12823 | Lair:3   | Noticed a death yak
 12824 | Lair:3   | 12824 ||| Stepping ~*~*~tactically~*~*~ (stealth).
 12824 | Lair:3   | Noticed a death yak
 12824 | Lair:3   | Noticed a death yak
 12826 | Lair:3   | Noticed a death yak
 12827 | Lair:3   | Killed a death yak
 12827 | Lair:3   | Reached **** piety under Okawaru
 12828 | Lair:3   | Reached XP level 13. HP: 120/120 MP: 12/15
 12831 | Lair:3   | 12831 ||| Stepping ~*~*~tactically~*~*~ (outnumbered).
 12832 | Lair:3   | 12832 ||| Stepping ~*~*~tactically~*~*~ (outnumbered).
 12833 | Lair:3   | 12833 ||| Stepping ~*~*~tactically~*~*~ (outnumbered).
 12834 | Lair:3   | 12834 ||| Stepping ~*~*~tactically~*~*~ (outnumbered).
 12835 | Lair:3   | 12835 ||| Stepping ~*~*~tactically~*~*~ (outnumbered).
 12836 | Lair:3   | 12836 ||| Stepping ~*~*~tactically~*~*~ (outnumbered).
 12838 | Lair:3   | Received a gift from Okawaru
 12841 | Lair:3   | 12841 ||| INVOKING Heroism.
 12854 | Lair:3   | Received a gift from Okawaru
 12922 | Lair:3   | Found a runed translucent gate.
 12924 | Lair:3   | Found a runed translucent gate.
 12926 | Lair:3   | Found a runed translucent gate.
 12928 | Lair:3   | Noticed qw's ghost (journeyman TrCA)
 12953 | Lair:3   | You fall into a shaft and drop 2 floors!
 12953 | Lair:5   | Entered Level 5 of the Lair of Beasts
 12954 | Lair:5   | 12954 ||| Stepping ~*~*~tactically~*~*~ (hiding).
 13057 | Lair:5   | 13057 ||| INVOKING Heroism.
 13058 | Lair:5   | 13058 ||| Stepping ~*~*~tactically~*~*~ (stealth).
 13069 | Lair:5   | 13069 ||| Stepping ~*~*~tactically~*~*~ (outnumbered).
 13070 | Lair:5   | 13070 ||| Stepping ~*~*~tactically~*~*~ (outnumbered).
 13077 | Lair:5   | 13077 ||| DRINKING potion of cancellation.
 13077 | Lair:5   | HP: 30/120 [six-headed hydra (1)]
 13080 | Lair:5   | HP: 14/120 [six-headed hydra (4)]
 13080 | Lair:5   | HP: 6/120 [six-headed hydra (3)]
 13082 | Lair:5   | HP: 2/120 [six-headed hydra (1)]
 13083 | Lair:5   | Slain by a six-headed hydra

Levels and vault maps discovered:
D:1:      amcnicky_arrival_flooded_fountain, layout_rooms, serial_shops,
          nicolae_diamond_shop
D:2:      layout_basic
D:3:      layout_basic, nicolae_overflow_hallway_of_the_gods,
          hellmonk_ecumenical_altar_blasted
D:4:      layout_cave_pods, grunt_temple_overflow_champion_of_chaos,
          chequers_serial_rivers_large_b, st_stairs_14
D:5:      layout_cave_pools, lemuel_doored_altar, minmay_temple_entry_glass,
          corner_web_ring
D:6:      layout_cave_pools, nicolae_grassy_gnolls, uniq_eustachio,
          uniq_crazy_yiuf_cottage
D:7:      wad_crossroads, layout_rooms, mainiacjoe_overflow_brackets,
          serial_shops, nicolae_shop_behind_doors
D:8:      layout_layer_cave
D:9:      layout_loops_ring, kennysheep_orc_monster_closet_entryway,
          patterned_corridor
D:10:     layout_irregular_city, old_standard_altar,
          mainiacjoe_overflow_tiny_flanked, serial_shops, shop
D:11:     layout_loops_ring, david_lair_shrubbed,
          hangedman_abyss_or_decor_stagger
Temple:   nicolae_temple_bog_church
Lair:1:   layout_layer_cave, ebering_ghost_reflecting_pool
Lair:2:   layout_layer_cave, minmay_shoals_entry_hut, spider_nest_entry_a,
          serial_bayou_shore_b
Lair:3:   beast_lair_carwin_large_3, layout_cave_pods,
          gammafunk_ghost_necromancy, roderic_carrion_pond, uniq_snorg
Lair:5:   hangedman_lair_in_review, layout_cave_pods, st_stairs_4, pond

Skill      XL: |  1  2  3  4  5  6  7  8  9 10 11 12 13 |
---------------+----------------------------------------+-----
Unarmed Combat | 4 5 6 8 10 12 13 15 | 15.8
Fighting       | 3 4 5 6 |  6.0
Throwing       | 3 4 5 6 |  6.0
Dodging        | 1 |  1.4
Shields        | 5 10 11 | 11.0
Armour         | 2 |  2.1
Invocations    | 4 5 |  5.3
Spellcasting   | |  1.0
Fire Magic     | |  2.1

Action                   |  1- 3 |  4- 6 |  7- 9 | 10-12 | 13-15 || total
-------------------------+-------+-------+-------+-------+-------++-------
Melee: Unarmed           |    90 |    66 |   215 |   482 |    36 ||   889
       Punch             |     2 |     3 |     5 |     6 |       ||    16
Throw: Boomerang         |    35 |    23 |    37 |    34 |       ||   129
       Large rock        |       |       |    45 |    91 |       ||   136
Invok: Fiery Armour      |     1 |     2 |     2 |     8 |       ||    13
       Heroism           |       |       |       |    17 |     2 ||    19
  Use: Scroll            |    10 |     5 |     8 |     8 |       ||    31
       Potion            |     2 |       |     1 |     5 |     1 ||     9
Armor: Robe              |    27 |    36 |   100 |    35 |       ||   198
       Troll leather arm |       |       |       |    17 |       ||    17
       Acid dragon scale |       |       |       |   154 |    28 ||   182
Dodge: Dodged            |    34 |    28 |    82 |   155 |    13 ||   312
Block: Kite shield       |       |       |       |   153 |    16 ||   169

Table legend:
 A = Non-vault XP
 B = Vault XP
 C = Vault XP percentage of total XP
 D = Non-vault monster count
 E = Vault monster count
 F = Vault count percentage of total count
                 A         B        C        D         E       F
            +---------+---------+-------+---------+---------+-------
      Total |   35853 |    8793 |  19.7 |     275 |      61 |  18.2
            +---------+---------+-------+---------+---------+-------
        D:1 |      34 |       0 |   0.0 |      20 |       0 |   0.0
        D:2 |      15 |       0 |   0.0 |      10 |       0 |   0.0
        D:3 |     119 |      16 |  11.9 |      15 |       2 |  11.8
        D:4 |     720 |      48 |   6.2 |      27 |       1 |   3.6
        D:5 |     648 |       0 |   0.0 |      19 |       0 |   0.0
        D:6 |    1131 |     374 |  24.9 |      27 |       7 |  20.6
        D:7 |     623 |     255 |  29.0 |       9 |       4 |  30.8
        D:8 |    1283 |       0 |   0.0 |      11 |       0 |   0.0
        D:9 |    1488 |    1758 |  54.2 |      23 |      19 |  45.2
       D:10 |    2351 |       0 |   0.0 |      18 |       0 |   0.0
       D:11 |    3126 |     350 |  10.1 |       9 |       1 |  10.0
     Lair:1 |    7753 |       0 |   0.0 |      35 |       0 |   0.0
     Lair:2 |    7723 |     626 |   7.5 |      32 |       3 |   8.6
     Lair:3 |    8839 |    3259 |  26.9 |      20 |      20 |  50.0
     Lair:5 |       0 |    2107 | 100.0 |       0 |       4 | 100.0
            +---------+---------+-------+---------+---------+-------
